Map: [ESL] Moondance

Players

Creator

  • Race: Protoss Protoss
  • Spawn Location: 12:00

Solar - Winner!

  • Race: Zerg Zerg
  • Spawn Location: 6:00

Event: DreamHack SC2 Masters 2022 Atlanta (Offline)

VOD

Have the link to the VOD?

Description

Time

  • Played on: Nov. 19, 2022, 1:08 p.m.
  • Length: 11:50

All games in this series

Show
View Real Time Build Order
Export as new Build Order

Creator Protoss 

Build Orders: 1 Gate Expand, Oracle Opening, Archon Immortal, Archon Drop 

Get SALT Encoding   

  12  0:00  Probe  
  13  0:13  Pylon  
  13  0:17  Probe (Chrono Boost)  
  14  0:26  Probe (Chrono Boost)  
  15  0:31  Probe (Chrono Boost)  
  16  0:37  Gateway  
  16  0:44  Probe  
  16  0:47  Assimilator  
  17  0:56  Probe  
  18  1:08  Probe  
  19  1:20  Probe  
  20  1:28  Cybernetics Core  
  20  1:34  Nexus  
  20  1:41  Zealot (Chrono Boost)  
  22  1:48  Pylon  
  22  1:53  Assimilator  
  22  1:56  Probe  
  23  2:05  Adept (Chrono Boost)  
  25  2:08  Probe  
  26  2:20  Probe  
  27  2:23  Stargate  
  27  2:32  Warp Gate  
  27  2:33  Probe  
  30  2:39  Stalker  
  30  2:46  Probe (Chrono Boost)  
  30  2:49  Probe (Chrono Boost)  
  32  2:57  Probe (Chrono Boost)  
  34  3:00  Probe (Chrono Boost)  
  34  3:01  Probe (Chrono Boost)  
  34  3:05  Oracle (Chrono Boost)  
  35  3:09  Probe  
  35  3:12  Probe  
  40  3:16  Assimilator  
  40  3:18  Assimilator  
  40  3:20  Pylon  
  40  3:22  Probe  
  40  3:24  Probe (Chrono Boost)  
  42  3:32  Robotics Facility  
  43  3:37  Probe (Chrono Boost)  
  43  3:39  Probe (Chrono Boost)  
  44  3:44  Probe (Chrono Boost)  
  44  3:47  Probe (Chrono Boost)  
  46  3:51  Probe  
  47  3:58  Probe  
  47  4:00  Twilight Council  
  48  4:03  Probe  
  49  4:10  Probe, Gateway  
  49  4:12  Pylon  
  49  4:15  Probe  
  51  4:19  Warp Prism  
  51  4:22  Probe  
  54  4:28  Gateway  
  54  4:30  Probe  
  55  4:32  Gateway  
  55  4:36  Templar Archives  
  55  4:41  Probe  
  55  4:42  Pylon  
  55  4:43  Probe  
  57  4:48  Adept  
  59  5:02  Nexus  
  59  5:03  Probe x2  
  59  5:15  Probe x2  
  59  5:16  Adept  
  63  5:27  Probe x2, Pylon  
  63  5:28  Pylon  
  65  5:30  Assimilator, Pylon  
  65  5:39  Probe x2, High Templar  
  69  5:47  High Templar x3  
  69  5:48  Observer  
  76  5:51  Archon x2, Probe (Chrono Boost)  
  76  5:52  Probe (Chrono Boost)  
  76  5:55  Charge, Forge  
  76  5:56  Gateway  
  78  5:57  Gateway  
  78  6:03  Probe (Chrono Boost)  
  78  6:04  Immortal, Probe (Chrono Boost)  
  80  6:08  Probe (Chrono Boost)  
  80  6:10  Probe (Chrono Boost)  
  82  6:16  Probe  
  82  6:17  Probe  
  88  6:18  Sentry  
  88  6:19  Sentry  
  88  6:20  Shield Battery  
  92  6:26  Oracle (Chrono Boost)  
  92  6:29  Probe  
  96  6:43  Protoss Ground Weapons Level 1  
  96  6:45  Stargate  
  96  6:46  Pylon  
  96  6:47  Pylon  
  96  6:48  Immortal  
  96  6:51  Stalker  
  96  6:53  Stalker  
  108  7:01  Pylon  
  108  7:05  Pylon  
  108  7:10  Zealot x4  
  108  7:14  Void Ray (Chrono Boost)  
  108  7:15  Nexus  
  116  7:24  Zealot  
  116  7:25  Zealot  
  116  7:27  Immortal  
  116  7:29  Phoenix (Chrono Boost)  
  126  7:37  Photon Cannon  
  126  7:39  Zealot  
  126  7:42  Pylon  
  128  7:48  Phoenix (Chrono Boost)  
  131  7:51  Phoenix (Chrono Boost)  
  131  7:52  Probe x3  
  134  8:04  Zealot x4, Probe, High Templar x2  
  147  8:07  Phoenix  
  147  8:09  Archon  
  147  8:12  Pylon  
  149  8:37  Phoenix x2 (Chrono Boost), Pylon  
  149  8:45  Fleet Beacon  
  149  8:46  Pylon  
  149  8:48  Pylon  
  149  8:50  Pylon  
  149  8:53  Shield Battery  
  149  8:54  Phoenix (Chrono Boost), Pylon  
  149  8:55  Immortal  
  153  8:56  Phoenix (Chrono Boost)  
  157  9:11  Stalker x3  
  145  9:17  Phoenix  
  145  9:20  Phoenix, Zealot x3  
  140  9:34  Immortal  
  140  9:36  Zealot x2  
  137  9:40  Zealot x3  
  137  9:42  Phoenix  
  132  9:52  Phoenix  
  122  9:59  Zealot x2  
  104  10:03  Zealot x3  
  89  10:20  Zealot x2  
  89  10:24  High Templar  
  89  10:25  Zealot, High Templar  
  87  10:29  Archon  
  84  10:36  Nexus  
  84  10:40  High Templar  
  84  10:41  High Templar  
  88  10:46  Archon  
  86  10:58  Probe  
  86  10:59  Probe  
  86  11:08  Zealot x2  
  86  11:09  Zealot  
  92  11:12  Gateway, Probe x2 (Chrono Boost)  
  94  11:20  High Templar x2  
  94  11:22  Probe x2 (Chrono Boost)  
  94  11:24  Archon  
  98  11:33  Probe x2  
  98  11:35  Zealot x3  
Show
View Real Time Build Order
Export as new Build Order

Solar Zerg - Winner!

Build Orders: Pool First, Swarm Host 

Get SALT Encoding   

  12  0:00  Drone  
  13  0:12  Overlord  
  13  0:17  Drone  
  14  0:31  Drone x2  
  16  0:40  Spawning Pool  
  15  0:44  Drone  
  15  0:47  Drone  
  17  1:09  Hatchery  
  16  1:12  Drone  
  17  1:19  Drone  
  17  1:22  Extractor  
  17  1:26  Zergling x2  
  17  1:28  Zergling x2  
  19  1:33  Queen  
  21  1:40  Overlord  
  21  1:49  Drone  
  22  1:59  Drone  
  23  2:08  Queen  
  23  2:11  Drone  
  26  2:21  Drone x2  
  28  2:26  Metabolic Boost  
  28  2:32  Drone x2  
  30  2:40  Hatchery  
  30  2:43  Drone  
  30  2:45  Drone  
  31  2:52  Queen  
  31  2:56  Overlord  
  33  2:59  Drone  
  33  3:02  Drone  
  35  3:05  Drone  
  35  3:14  Queen  
  35  3:16  Drone x2  
  35  3:18  Drone  
  40  3:21  Overlord  
  40  3:22  Drone  
  40  3:26  Drone  
  42  3:28  Drone  
  43  3:37  Overlord  
  43  3:38  Queen  
  45  3:42  Spore Crawler  
  45  3:44  Drone x3  
  47  3:50  Drone x2  
  47  3:53  Queen  
  47  3:54  Drone  
  52  4:03  Drone x3  
  52  4:04  Drone  
  55  4:10  Overlord  
  55  4:11  Drone x3  
  55  4:13  Overlord  
  55  4:16  Drone x2  
  60  4:22  Spore Crawler  
  59  4:24  Roach Warren  
  59  4:25  Overlord  
  58  4:32  Zergling x6  
  58  4:34  Lair  
  58  4:37  Extractor  
  58  4:38  Extractor  
  59  4:39  Drone x3  
  59  4:42  Overlord  
  59  4:44  Drone  
  63  4:47  Drone x2  
  68  4:52  Drone  
  68  4:54  Drone x2  
  68  4:56  Drone x2  
  68  4:59  Drone  
  71  5:02  Zergling x4  
  71  5:04  Overlord  
  72  5:10  Zergling x4  
  72  5:18  Drone x4  
  72  5:20  Extractor x2  
  74  5:21  Drone x2  
  74  5:24  Drone  
  74  5:26  Drone x3  
  78  5:29  Roach x3  
  78  5:32  Roach x3  
  78  5:33  Overseer  
  78  5:35  Glial Reconstitution  
  90  5:36  Overlord  
  90  5:40  Drone x2, Evolution Chamber  
  90  5:42  Roach  
  93  5:46  Drone  
  94  5:50  Drone x3  
  94  5:51  Drone  
  94  5:53  Infestation Pit  
  94  5:55  Overlord  
  94  5:56  Overlord  
  97  5:57  Roach  
  97  5:59  Roach  
  97  6:03  Roach x2  
  105  6:06  Overlord, Extractor  
  105  6:08  Overlord  
  105  6:11  Overlord  
  104  6:14  Overlord  
  104  6:16  Overseer  
  104  6:17  Drone x2  
  104  6:18  Zerg Missile Weapons Level 1  
  106  6:32  Drone x2  
  106  6:33  Drone x2  
  106  6:40  Drone, Hatchery  
  106  6:45  Swarm Host x6  
  122  6:53  Swarm Host x3  
  128  6:56  Swarm Host  
  128  7:00  Overlord  
  134  7:03  Swarm Host  
  134  7:06  Overlord  
  134  7:07  Swarm Host  
  140  7:15  Overlord  
  140  7:17  Roach x3  
  140  7:22  Zergling x16  
  153  7:31  Ravager x3  
  153  7:32  Overlord  
  153  7:33  Roach  
  153  7:34  Roach  
  153  7:36  Overlord  
  160  7:41  Ravager  
  160  7:42  Roach  
  163  7:52  Roach x9  
  180  7:59  Roach  
  180  8:05  Roach x3  
  188  8:09  Roach  
  189  8:12  Ravager  
  189  8:13  Ravager  
  189  8:18  Roach x2, Overlord  
  190  8:20  Overlord  
  190  8:25  Overlord  
  178  8:39  Roach x8  
  194  8:44  Ravager x3  
  194  8:45  Ravager x2  
  194  8:46  Zergling x2  
  200  9:01  Roach x2  
  198  9:03  Zerg Missile Weapons Level 2  
  198  9:05  Roach x3  
  198  9:19  Roach x2  
  198  9:21  Overlord  
  191  9:27  Roach x2  
  191  9:28  Roach x5  
  191  9:29  Zergling x6, Queen x2  
  193  9:32  Hydralisk Den  
  193  9:33  Drone x2  
  193  9:34  Drone  
  193  9:35  Drone  
  190  9:42  Drone x2  
  190  9:45  Drone x2  
  178  9:51  Overlord  
  161  9:53  Drone x2  
  161  9:55  Zergling x2  
  161  9:59  Zergling x2  
  155  10:04  Zergling x4  
  140  10:08  Grooved Spines  
  140  10:11  Hydralisk x5  
  143  10:15  Hydralisk  
  143  10:16  Hydralisk x4  
  143  10:20  Spore Crawler  
  146  10:22  Hydralisk x2  
  146  10:24  Drone  
  146  10:25  Drone  
  146  10:29  Hydralisk  
  146  10:30  Hydralisk  
  140  10:36  Hydralisk x2  
  140  10:38  Hydralisk x2  
  144  10:42  Hydralisk  
  144  10:43  Hydralisk  
  144  10:46  Zergling x2  
  144  10:47  Zergling x4  
  151  10:54  Hydralisk x2  
  151  10:56  Hydralisk  
  150  10:57  Hydralisk  
  150  11:00  Zergling x4  
  150  11:03  Hydralisk  
  156  11:05  Overseer  
  156  11:07  Zergling x4  
  156  11:09  Spore Crawler  
  157  11:11  Hydralisk  
  157  11:17  Hydralisk x3, Overlord  
  165  11:19  Zergling x4  
  165  11:22  Hydralisk  
  169  11:28  Overlord  
  169  11:30  Zergling x2  
Tags
 
Add a new tag
Caveats
  • Supply blocks, unpowered buildings, or Contaminate may cause inaccurate times.
  • Supply counts are checked every 10 seconds.